 Dungeon Crawl Stone Soup version 0.21.1-1-g345015fe64 (webtiles) character file.

85 Knicklaso the Grave Robber (level 4, 0/32 HPs)
             Began as a Human Necromancer on Apr 10, 2018.
             Succumbed to an adder's poison
             ... on level 2 of the Dungeon.
             The game lasted 00:08:01 (1662 turns).

Knicklaso the Grave Robber (Human Necromancer)      Turns: 1662, Time: 00:08:01

Health: 0/32       AC:  2    Str:  8    XL:     4   Next: 75%
Magic:  0/7        EV: 13    Int: 16    God:
Gold:   74         SH:  0    Dex: 14    Spells: 6/8 levels left

rFire    . . .     SeeInvis .   e - -3 mace (curse)
rCold    . . .     Gourm    .   (no shield)
rNeg     . . .     Faith    .   a - +0 robe
rPois    .         Spirit   .   (no helmet)
rElec    .         Reflect  .   (no cloak)
rCorr    .         Harm     .   (no gloves)
MR       .....                  (no boots)
Stlth    ++........             (no amulet)
HPRegen  0.10/turn              (no ring)
MPRegen  0.10/turn              (no ring)

@: lethally poisoned (0 -> -3)
A: no striking features
a: no special abilities


You were on level 2 of the Dungeon.
You were hungry.

You visited 1 branch of the dungeon, and saw 2 of its levels.

You collected 74 gold pieces.

Inventory:

Hand Weapons
 e - a cursed -3 mace (weapon)
Armour
 a - a +0 robe (worn)
 f - a +2 buckler
Scrolls
 g - a scroll of enchant armour {unknown}
 i - 2 scrolls of identify
Potions
 d - a potion of haste
Books
 b - a book of Necromancy

   Spells                             Type                      Level
   a - Pain                           Necromancy                   1
   b - Animate Skeleton               Necromancy                   1
   c - Vampiric Draining              Necromancy                   3
   d - Regeneration                   Charms/Necromancy            3
   e - Animate Dead                   Necromancy                   4
   f - Borgnjor's Vile Clutch         Necromancy/Earth             5
Comestibles
 c - 3 rations
 h - 5 chunks of flesh


   Skills:
 + Level 1.4 Fighting
 + Level 2.6 Dodging
 - Level 2.0 Stealth
 + Level 2.5 Spellcasting
 * Level 4.8 Necromancy


You had 6 spell levels left.
You knew the following spells:

 Your Spells              Type           Power        Failure   Level  Hunger
a - Pain                  Necr           ###.         2%          1    #......
b - Animate Skeleton      Necr           N/A          2%          1    #......


Dungeon Overview and Level Annotations

Branches:
Dungeon (2/15)

Altars:


Message History

It was a potion of cancellation.
You feel magically purged.
Your magical contamination has completely faded away.
The hobgoblin hits you with a club.
* * * LOW HITPOINT WARNING * * *
Casting: Pain
Confirm with . or Enter, or press ? or * to list all spells.
Aiming: Pain
Press: ? - help, Shift-Dir - straight line, f - hobgoblin
Aim: a hobgoblin, wielding a club (moderately wounded, chance to defeat MR: 87%)
The hobgoblin writhes in agony!
The orc wizard mumbles some strange words.
The orc wizard flickers and vanishes!
Deactivating autopickup; reactivate with Ctrl-A.
Your frilled lizard skeleton bites the orc wizard.
The hobgoblin barely misses you.
Casting: Pain
Confirm with . or Enter, or press ? or * to list all spells.
You don't have enough magic to cast that spell.
Your frilled lizard skeleton misses the orc wizard.
You die...

#........ ##....... #######.
#. ############# #.
.......[....# #.
...#...#...### #.
...?...%....(############ #.
...#...#...#{g.@<.......# #.
..........Zo###.#######.##
#.
################.######.Z.##
#. #.####.#
#........).......# #.
.#..##.#
#.####.######....#####.
#.#....####.# #.#
##.....Z...
#...........####.#
##########
###.##.[.........#
........##########


You could see an orc wizard, a hobgoblin and a friendly frilled lizard skeleton.

Vanquished Creatures
  2 adders (D:2)
  3 dart slugs
  A leopard gecko (D:2)
  4 giant cockroaches
  4 hobgoblins
  4 kobolds (D:1)
  4 bats
  3 frilled lizards
  3 goblins
  4 rats
32 creatures vanquished.

Vanquished Creatures (collateral kills)
  3 adders (D:2)
  An ooze (D:2)
  A bat (D:2)
  A giant cockroach (D:1)
  A rat (D:2)
7 creatures vanquished.

Grand Total: 39 creatures vanquished

Notes
Turn   | Place    | Note
-------+----------+-------------------------------------------
     0 | D:1      | Knicklaso the Human Necromancer began the quest for the Orb.
     0 | D:1      | Reached XP level 1. HP: 13/13 MP: 3/3
     2 | D:1      | Learned a level 1 spell: Animate Skeleton
   438 | D:1      | Reached XP level 2. HP: 13/20 MP: 0/5
   877 | D:1      | Reached XP level 3. HP: 24/25 MP: 2/6
  1163 | D:2      | Reached skill level 1 in Fighting
  1351 | D:2      | Reached XP level 4. HP: 32/32 MP: 5/7
  1662 | D:2      | Succumbed to an adder's poison

Skill      XL: |  1  2  3 |
---------------+----------+-----
Fighting       | 1 |  1.4
Dodging        | |  2.6
Stealth        | |  2.0
Spellcasting   | |  2.5
Necromancy     | |  4.8

Action                   |  1- 3 |  4- 6 || total
-------------------------+-------+-------++-------
Melee: Unarmed           |     2 |       ||     2
       Mace              |     5 |     4 ||     9
 Cast: Pain              |    53 |    21 ||    74
       Animate Skeleton  |     6 |     3 ||     9
  Use: Scroll            |       |     1 ||     1
       Potion            |       |     1 ||     1
  Eat: Chunk             |     2 |     1 ||     3
Armor: Robe              |    11 |     2 ||    13
Dodge: Dodged            |    16 |     9 ||    25
